AoeStats
← savinbel

Arena

510072270Analyzed
1v1 RM · 2d ago on Sep 29, 2026· 77m 18s· 2 players
Game mode
Random Map
Map size
Tiny (2 player)
Population
200
Speed
Normal
Resources
Standard
Victory
Conquest
Starting age
Dark Age
Ending age
Imperial Age
RankedLock teamsTeams togetherTeam positionsShared explorationLock speedFull tech treeHidden civsTurbo modeCheats
Victory
Defeat
🇧🇾 Goths · Belarus
890
+19
🇩🇪 Byzantines · Germany
945
-56
savinbel
12:41 Feudal Age
19:40 Castle Age
18:18 Stone Mining
18:18 Gold Mining
18:15 Double-Bit Axe
18:13 Horse Collar
19:30 Wheelbarrow
20:36 Heavy Plow
20:49 Bow Saw
21:17 Stone Shaft Mining
23:16 Hand Cart
28:48 Squires
28:09 Pikeman
28:10 Man-at-Arms
29:35 Town Watch
29:36 Loom
33:46 Imperial Age
31:19 Long Swordsman
31:46 Treadmill Crane
32:27 Ballistics
33:16 Town Patrol
33:52 Anarchy
34:05 Forging
33:56 Scale Mail Armor
34:01 Scale Barding Armor
33:57 Padded Archer Armor
33:47 Fletching
33:55 Murder Holes
34:14 Masonry
35:31 Two-Man Saw
35:35 Chemistry
35:19 Crop Rotation
36:02 Iron Casting
35:30 Perfusion
34:58 Elite Skirmisher
36:14 Chain Mail Armor
36:22 Conscription
36:43 Sappers
37:30 Leather Archer Armor
37:36 Chain Barding Armor
37:32 Guilds
37:52 Two-Handed Swordsman
40:00 Blast Furnace
38:56 Bodkin Arrow
39:34 Architecture
38:44 Champion
40:56 Ring Archer Armor
39:51 Elite Huskarl
40:02 Halberdier
44:59 Bracer
44:39 Light Cavalry
45:44 Hussar
46:39 Bloodlines
47:30 Husbandry
Count Foxbat
5:05 Loom
11:34 Feudal Age
12:48 Horse Collar
16:01 Castle Age
17:20 Double-Bit Axe
18:09 Heavy Plow
24:49 Scale Mail Armor
28:58 Wheelbarrow
28:40 Bow Saw
31:09 Pikeman
31:35 Gambesons
31:51 Squires
31:52 Elite Skirmisher
32:38 Thumb Ring
36:43 Imperial Age
34:34 Hand Cart
35:54 Gold Mining
35:56 Stone Mining
36:37 Husbandry
38:05 Chain Mail Armor
37:56 Scale Barding Armor
38:01 Forging
37:42 Fletching
37:52 Padded Archer Armor
38:24 Crop Rotation
38:56 Two-Man Saw
38:05 Devotion
37:32 Halberdier
37:47 Elite Varangian Guard
38:13 Arson
39:31 Faith
39:31 Heresy
38:36 Man-at-Arms
39:49 Conscription
39:55 Long Swordsman
42:32 Plate Mail Armor
42:23 Chain Barding Armor
42:38 Iron Casting
41:58 Bodkin Arrow
42:19 Leather Archer Armor
42:18 Fortified Wall
42:29 Ballistics
42:05 Murder Holes
43:11 Two-Handed Swordsman
45:39 Hoardings
45:08 Champion
50:52 Chemistry
49:34 Treadmill Crane
50:33 Plate Barding Armor
50:29 Ring Archer Armor
56:13 Cavalier
57:26 Paladin
59:18 Bracer
70:31 Light Cavalry
73:09 Capped Ram
74:29 Siege Ram
Connection lost

Rejoining the realm…

Still unreachable

The connection could not be restored.

Session expired

The server has moved on; the page needs a fresh start.